 Dungeon Crawl Stone Soup version 0.18-a0-1159-gf481d65 (webtiles) character file.

12931 Hamishm the Protected (level 11, -4/105 HPs)
             Began as a Minotaur Berserker on Jan 24, 2016.
             Was a High Priest of Trog.
             Slain by a snapping turtle (7 damage)
             ... on level 1 of the Shoals.
             The game lasted 01:14:47 (11231 turns).

Hamishm the Protected (Minotaur Berserker)         Turns: 11231, Time: 01:14:47

Health: -4/105     AC: 25    Str: 30    XL:     11   Next: 68%
Magic:  3/3        EV: 12    Int:  4    God:    Trog [*****.]
Gold:   434        SH:  3    Dex: 10    Spells: 0 memorised, 10 levels left

rFire  . . .     SeeInvis .     f - +2 hand axe (antimagic)
rCold  + . .     Gourm    .     o - +6 chain mail {MR+}
rNeg   . . .     Faith    .     (no shield)
rPois  +         Spirit   .     (helmet restricted)
rElec  .         Dismiss  .     e - +2 cloak
rCorr  .         Reflect  +     (no gloves)
SustAt .         Harm     .     q - +2 pair of boots of the Bulwark {Str+5}
MR     +....                    l - +3 amulet of reflection
Stlth  ..........               h - ring of poison resistance
                                C - ring of protection from cold

@: exhausted, manticore barbs, slowed, very slow, somewhat resistant to hostile
enchantments, extremely unstealthy
A: retaliatory headbutt, horns 2
a: Berserk, Trog's Hand, Brothers in Arms, Burn Spellbooks, Renounce Religion


You were on level 1 of the Shoals.
You worshipped Trog.
Trog was extremely pleased with you.
You were not hungry.

You visited 3 branches of the dungeon, and saw 14 of its levels.

You collected 783 gold pieces.
You spent 349 gold pieces at shops.

Inventory:

Hand Weapons
 f - a +2 antimagic hand axe (weapon)
 t - the +10 greatsling "Maidot" {freeze, Str-2 Int+6}
   (You acquired it on level 8 of the Dungeon)

   It causes projectiles fired from it to freeze those they strike, causing
   extra injury to most foes and up to half again as much damage against
   particularly susceptible opponents.
   They can also slow down cold-blooded creatures.
   It affects your strength (-2).
   It affects your intelligence (+6).
Missiles
 i - 6 silver javelins (quivered)
Armour
 e - a +2 cloak (worn)
 o - a +6 chain mail of magic resistance (worn)
 q - the +2 pair of boots of the Bulwark (worn) {Str+5}
   (You bought it in a shop on level 7 of the Dungeon)

   It affects your strength (+5).
Jewellery
 h - a ring of poison resistance (right hand)
 l - a +3 amulet of reflection (around neck)
 C - a ring of protection from cold (left hand)
Scrolls
 a - 3 scrolls of blinking
 b - 8 scrolls of identify
 c - 5 scrolls of remove curse
 k - 3 scrolls of recharging
 r - 2 scrolls of fear
Potions
 g - a potion of haste
 j - a potion of ambrosia
 m - a potion of curing
 n - a potion of berserk rage
 s - 2 potions of flight
 z - a potion of agility
Comestibles
 d - a fruit
 p - 6 bread rations
 v - 6 beef jerkies
 B - 3 meat rations


   Skills:
 * Level 12.6 Fighting
 - Level 11.4 Axes
 * Level 12.7 Armour
 - Level 8.0 Dodging


You had 10 spell levels left.
You didn't know any spells.

Dungeon Overview and Level Annotations

Branches:
Dungeon (10/15)            Temple (0/1) D:6            Lair (3/8) D:10
 Shoals (1/4) Lair:3
  Snake: Lair:3-6    Spider: Lair:3-6       Orc: D:9-12

Altars:
Ashenzari
Dithmenos
Elyvilon
Fedhas
Makhleb
Pakellas
Qazlal
Ru
Vehumet
Yredelemnul
Zin
The Shining One

Shops:
D:4 :   D:7 [


Innate Abilities, Weirdness & Mutations

You reflexively headbutt those who attack you in melee.
You have a pair of horns on your head.


Message History

You are too berserk!
You slice the merfolk!!
You kill the merfolk!
Trog accepts your kill.
You hear a splash.
The barbed spikes dig painfully into your body as you move.
* * * LOW HITPOINT WARNING * * *
You are no longer berserk.
Trog's vigour flows through your veins.
You are exhausted.
You feel yourself slow down. The snapping turtle closely misses you.
Drink which item? (? for menu, Esc to quit)
You feel better.
The snapping turtle completely misses you.
The barbed spikes dig painfully into your body as you move.
* * * LOW HITPOINT WARNING * * *
The snapping turtle bites you from afar.
* * * LOW HITPOINT WARNING * * *
The snapping turtle bites you from afar!
You die...

≈≈≈≈≈≈≈≈≈≈≈≈≈P≈≈≈≈≈
≈≈≈≈≈≈≈≈≈≈≈≈≈PPPP≈≈≈
≈≈≈≈≈≈≈≈≈≈≈≈P≈P≈≈≈≈≈
≈≈≈≈≈≈≈≈≈≈≈≈≈≈≈≈≈≈≈≈
≈≈≈≈≈≈≈≈≈≈≈≈≈≈≈P≈≈≈≈
≈≈≈≈≈≈≈≈≈≈≈≈PP≈P≈≈≈≈
≈≈≈≈≈≈≈≈≈≈(≈<≈≈PPPP≈
≈≈≈≈≈≈t≈......(..PP≈
.≈≈≈≈≈≈†@####.##.PP≈
≈≈≈≈≈≈≈(.# .P#


PP≈ ≈≈≈≈≈≈≈)≈....≈≈≈P ≈ .≈≈≈≈≈≈≈≈≈..(≈≈≈≈≈ ≈≈≈≈≈≈≈≈≈≈≈≈≈≈P≈≈≈≈
≈≈≈≈≈≈≈≈≈≈≈≈≈≈≈≈≈≈≈ ≈≈≈≈≈≈≈≈≈≈≈≈≈≈≈≈ ≈≈≈≈≈≈≈≈≈≈≈≈≈≈≈≈ ≈≈≈≈≈≈≈≈≈≈≈≈≈≈≈≈ You could
see a snapping turtle.

Vanquished Creatures
  Gastronok (Lair:2)
  A cyclops (Shoals:1)
  A manticore (Shoals:1)
  A black mamba (Lair:1)
  Maurice (D:8)
  5 spiny frogs
  A troll (D:9)
  2 two-headed ogres (D:8)
  The ghost of edsrzf2 the Ruffian, an amateur HOTm of Nemelex Xobeh (D:5)
  A merfolk (Shoals:1)
  A snapping turtle (Shoals:1)
  6 blink frogs
  A wyvern (D:8)
  Grum (Lair:1)
  A basilisk (Lair:1)
  A hippogriff (D:9)
  7 wolves
  4 water moccasins
  3 porcupines
  2 ice beasts
  An orc warrior (D:9)
  2 phantoms (D:5)
  2 sky beasts
  2 ogres
  3 black bears
  6 centaurs
  3 crocodiles
  2 big kobolds
  3 giant frogs
  3 scorpions
  8 killer bees
  The ghost of edsrzf2 the Ruffian, a weakling HOTm of Beogh (D:4)
  A centaur zombie (D:10)
  A crimson imp (D:5)
  A giant frog zombie (D:7)
  A quasit (D:8)
  A hound (D:4)
  6 orc wizards
  7 orc priests
  A giant frog skeleton (D:4)
  A centaur skeleton (D:4)
  2 iguanas
  5 worker ants
  9 sheep
  A hound skeleton (D:5)
  A worker ant zombie (D:8)
  10 gnolls
  6 adders
  16 river rats
  A shadow imp (D:9)
  An ooze (D:5)
  An adder skeleton (D:7)
  3 worms
  7 giant geckos
  24 orcs
  5 bats
  6 giant cockroaches
  8 goblins
  12 hobgoblins
  7 jackals
  19 kobolds
  8 quokkas
  2 ball pythons (D:1)
  2 giant gecko skeletons (D:7)
  5 giant newts
  A jackal skeleton (D:5)
  6 rats
  A bush (Lair:2)
  6 fungi
  7 plants (Lair:3)
280 creatures vanquished.

Vanquished Creatures (collateral kills)
  2 hippogriffs (Lair:3)
  2 centaurs (Lair:3)
  A giant frog skeleton (D:9)
  An orc wizard (D:9)
  3 sheep (Lair:3)
  2 orcs (D:9)
11 creatures vanquished.

Vanquished Creatures (others)
  An orc wizard (D:8)
  An orc (D:9)
2 creatures vanquished.

Grand Total: 293 creatures vanquished

Notes
Turn   | Place    | Note
--------------------------------------------------------------
     0 | D:1      | Hamishm the Minotaur Berserker began the quest for the Orb.
     0 | D:1      | Reached XP level 1. HP: 19/19 MP: 0/0
   349 | D:1      | Reached XP level 2. HP: 26/26 MP: 1/1
   371 | D:1      | Reached skill level 4 in Axes
   605 | D:1      | Reached ** piety under Trog
   870 | D:2      | Reached XP level 3. HP: 31/31 MP: 2/2
  1496 | D:2      | Reached skill level 5 in Axes
  1496 | D:2      | Reached XP level 4. HP: 40/40 MP: 3/3
  1512 | D:2      | Reached *** piety under Trog
  2048 | D:3      | You fall through a shaft for 2 floors!
  2048 | D:5      | Entered Level 5 of the Dungeon
  2053 | D:5      | Noticed an ice beast
  2058 | D:5      | Reached XP level 5. HP: 46/46 MP: 4/4
  2062 | D:5      | Killed an ice beast
  2062 | D:5      | Reached skill level 5 in Armour
  2069 | D:5      | Reached XP level 6. HP: 53/53 MP: 5/5
  2153 | D:3      | Reached skill level 6 in Axes
  3032 | D:4      | Noticed edsrzf2's ghost (weakling HOTm)
  3037 | D:4      | Reached skill level 5 in Fighting
  3045 | D:4      | Killed edsrzf2's ghost
  3045 | D:4      | Reached XP level 7. HP: 23/61 MP: 6/6
  3068 | D:4      | Found Teeg's Book Shop.
  3086 | D:4      | Found a stormy altar of Qazlal.
  3090 | D:4      | Noticed a fire elemental
  3091 | D:4      | Noticed an air elemental
  3091 | D:4      | Noticed a water elemental
  3364 | D:4      | Found a basalt altar of Yredelemnul.
  3411 | D:4      | Reached **** piety under Trog
  3411 | D:4      | Reached skill level 7 in Axes
  3583 | D:4      | Received a gift from Trog
  3914 | D:5      | Found a shadowy altar of Dithmenos.
  3933 | D:5      | Found an oddly glowing altar of Pakellas.
  3990 | D:5      | Noticed edsrzf2's ghost (amateur HOTm)
  4010 | D:5      | Killed edsrzf2's ghost
  4105 | D:5      | Reached skill level 8 in Axes
  4105 | D:5      | Reached XP level 8. HP: 62/70 MP: 7/7
  4397 | D:5      | Found a shattered altar of Ashenzari.
  4773 | D:6      | Found a staircase to the Ecumenical Temple.
  5177 | D:6      | Reached skill level 9 in Axes
  5967 | D:7      | Found a glowing silver altar of Zin.
  6084 | D:7      | Found Okychy's Antique Armour Boutique.
  6094 | D:7      | Bought a shiny chain mail for 112 gold pieces
  6094 | D:7      | Bought a pair of bloodstained boots for 237 gold pieces
  6099 | D:7      | Identified the +2 pair of boots of the Bulwark {Str+5} (You bought it in a shop on level 7 of the Dungeon)
  6355 | D:8      | Received a gift from Trog
  6355 | D:8      | Reached XP level 9. HP: 79/79 MP: 8/8
  6382 | D:8      | Found a blossoming altar of Fedhas.
  6385 | D:8      | Found a glowing golden altar of the Shining One.
  6386 | D:8      | Found a sacrificial altar of Ru.
  6386 | D:8      | Found a radiant altar of Vehumet.
  6387 | D:8      | Found a burning altar of Makhleb.
  6419 | D:8      | Found a white marble altar of Elyvilon.
  6449 | D:8      | Reached skill level 10 in Axes
  6580 | D:8      | Identified a scroll of acquirement
  6583 | D:8      | Got a faintly glowing greatsling
  6586 | D:8      | Identified the +10 greatsling "Maidot" {freeze, Str-2 Int+6} (You acquired it on level 8 of the Dungeon)
  6648 | D:8      | Reached skill level 10 in Armour
  6763 | D:8      | Reached ***** piety under Trog
  7044 | D:8      | Noticed Maurice
  7056 | D:8      | Killed Maurice
  7056 | D:8      | Reached skill level 11 in Axes
  7379 | D:9      | Noticed a troll
  7393 | D:9      | Killed a troll
  7393 | D:9      | Reached skill level 5 in Dodging
  7393 | D:9      | Reached XP level 10. HP: 88/88 MP: 9/9
  8154 | D:10     | Entered Level 10 of the Dungeon
  8468 | D:10     | Found a staircase to the Lair.
  8478 | Lair:1   | Entered Level 1 of the Lair of Beasts
  8486 | Lair:1   | Noticed Grum
  8497 | Lair:1   | Killed Grum
  8511 | Lair:1   | Got a scorched golden ring
  8521 | Lair:1   | Noticed a spiny frog
  8526 | Lair:1   | Killed a spiny frog
  8651 | Lair:1   | Identified the ring of Jaluism {rF+ rC+ Dex+4 Slay-4} (You found it on level 1 of the Lair of Beasts)
  8679 | Lair:1   | Noticed a black mamba
  8690 | Lair:1   | Killed a black mamba
  8690 | Lair:1   | Reached skill level 10 in Fighting
  8741 | Lair:1   | Noticed a spiny frog
  8751 | Lair:1   | Killed a spiny frog
  9430 | Lair:1   | Noticed a spiny frog
  9442 | Lair:1   | Killed a spiny frog
  9657 | Lair:2   | Noticed Gastronok
  9677 | Lair:2   | Killed Gastronok
  9677 | Lair:2   | Reached XP level 11. HP: 99/102 MP: 10/10
  9838 | Lair:2   | Received a gift from Trog
 10396 | Lair:3   | Reached skill level 12 in Armour
 10450 | Lair:3   | Found a staircase to the Shoals.
 11202 | Shoals:1 | Entered Level 1 of the Shoals
 11229 | Shoals:1 | HP: 1/157 [barbs]
 11231 | Shoals:1 | Slain by a snapping turtle

Vault maps used:
D:1:      evilmike_arrival_hilbert_curve
D:2:      wad_river_or_something
D:4:      lemuel_round_altar, serial_shops, nicolae_shop_trees,
          nicolae_qazlal_style_of_elements
D:5:      kennysheep_little_box, kennysheep_mini_moat, serial_glass,
          glass_columns_a, glass_columns_a, glass_columns_a, glass_columns_a,
          glass_columns_c, glass_columns_a, glass_columns_c, glass_columns_a,
          first_bread, cheibrodos_ashenzari_chains
D:6:      minmay_temple_entry_statues_pillars
D:7:      kennysheep_vampire_church, lemuel_crystal_altar, serial_shops,
          shop_fountains
D:8:      grunt_temple_overflow_open, grunt_ogre_cave, uniq_maurice
D:10:     lair_0_dummy
Lair:1:   statuecave_lemuel, uniq_grum
Lair:2:   st_stairs_9, grunt_megastairs_3, uniq_gastronok
Lair:3:   minmay_shoals_entry_centaurs
Shoals:1: portal_ice_cave_entry_imps

Action                   |  1- 3 |  4- 6 |  7- 9 | 10-12 || total
-------------------------+-------+-------+-------+-------++-------
Melee: Hand axe          |    93 |    51 |       |   174 ||   318
       War axe           |       |    22 |   261 |   176 ||   459
       Greatsling        |       |       |     1 |       ||     1
Throw: Javelin           |       |       |     6 |       ||     6
Invok: Berserk           |     1 |     3 |     3 |     6 ||    13
       Burn Spellbooks   |       |       |     3 |       ||     3
       Brothers in Arms  |       |       |       |     3 ||     3
  Use: Potion            |     4 |       |     5 |     5 ||    14
       Scroll            |     5 |       |     9 |     8 ||    22
 Stab: Distracted        |       |       |       |     1 ||     1
  Eat: Bread ration      |     1 |     1 |       |     4 ||     6
       Meat ration       |       |     1 |     3 |       ||     4
       Beef jerky        |       |       |     1 |       ||     1
